 Dungeon Crawl Stone Soup version 0.32-a0-42-ga30500b4d3 (webtiles) character file.

Game seed: 15229524173105600357

961 cforsyth the Trooper (level 8, -1/57 (62) HPs)
             Began as a Djinni Reaver on Jan 27, 2024.
             Was an Initiate of Yredelemnul.
             Slain by a sky beast (3 damage)
             ... on level 6 of the Dungeon.
             The game lasted 00:07:26 (5841 turns).

cforsyth the Trooper (Djinni Reaver)                Turns: 5841, Time: 00:07:27

HP:   -1/57 (62)    AC:  3    Str: 11    XL:     8   Next: 37%
Gold: 321           EV: 11    Int: 17    God:    Yredelemnul [......] SH:  0 Dex: 12

rFire   + + .        a - +0 short sword
rCold   x . .        (no shield)
rNeg    . . .        b - +0 leather armour
rPois   ∞            (no helmet)
rElec   .            (no cloak)
rCorr   .            (no gloves)
SInv    .            (boots unavailable)
Will    .....        (no amulet)
Stlth   +            q - +4 ring of slaying
HPRegen 0.29/turn    (no ring)
MPRegen 0.00/turn

%: infuse magic (-2 HP)
@: flying, drained, invisible
A: sickness immunity, fire resistance 2, cold vulnerability 1, float, innate
caster, HP casting, extra vitality 1
a: Renounce Religion, Recall Undead Harvest


You were on level 6 of the Dungeon.
You worshipped Yredelemnul.
Yredelemnul was noncommittal.
You visited 2 branches of the dungeon, and saw 7 of its levels.

You collected 321 gold pieces.

Inventory:

Hand Weapons
 a - a +0 short sword (weapon)
 s - the +7 Throatcutter {drain, coup de grace}
   (You found it on level 4 of the Dungeon)
Missiles
 k - a throwing net
Armour
 b - a +0 leather armour (worn)
Jewellery
 q - a +4 ring of slaying (left hand)
Wands
 v - a wand of acid (7)
 w - a wand of paralysis (6)
Scrolls
 f - a scroll of butterflies
 i - a scroll of immolation
 n - a scroll of enchant weapon {unknown}
 p - 4 scrolls of identify {unknown}
 t - a scroll of teleportation {unknown}
Potions
 c - a potion of brilliance {unknown}
 d - a potion of ambrosia {unknown}
 e - 2 potions of cancellation
 g - 2 potions of invisibility
 h - 2 potions of resistance {unknown}
 j - 2 potions of lignification {unknown}
 o - 2 potions of magic
 r - 2 potions of curing {unknown}
 u - 2 potions of degeneration {unknown}


   Skills:
 + Level 6.8 Fighting
 - Level 2.6 Short Blades
 - Level 2.1 Dodging
 + Level 5.7 Spellcasting
 + Level 5.7 Conjurations
 + Level 5.7 Hexes
 + Level 5.7 Summonings
 + Level 5.7 Necromancy
 + Level 5.7 Translocations
 + Level 5.7 Fire Magic
 + Level 5.7 Ice Magic
 + Level 5.7 Air Magic
 + Level 5.7 Earth Magic
 + Level 5.7 Alchemy


You knew the following spells:

 Your Spells              Type           Power      Damage    Failure   Level
a - Kiss of Death         Conj/Necr      96%        2d12      1%          1
b - Momentum Strike       Conj/Tloc      48%        3d9       2%          2
c - Hailstorm             Conj/Ice       24%        3d7       4%          3
d - Summon Small Mammal   Summ           96%        N/A       1%          1
e - Searing Ray           Conj           48%        2d6       2%          2
f - Summon Ice Beast      Ice/Summ       24%        N/A       4%          3
Your spell library was empty.

Dungeon Overview and Level Annotations

Branches:
Dungeon (6/15)             Temple (1/1) D:5

Altars:
Cheibriados
Dithmenos
Elyvilon
Fedhas
Gozag
Hepliaklqana
Nemelex Xobeh
Qazlal
Trog
Uskayaw
Wu Jian
Xom
Yredelemnul
Zin

Shops:
D:1 (

Annotations:
D:3 3 runed translucent doors, Azoth's ghost, amateur DEHu


Innate Abilities, Weirdness & Mutations

You are immune to sickness and miasma.
You are immune to poison.
Your flesh is very heat resistant. (rF++)
You are vulnerable to cold. (rC-)
You float through the air rather than walking.
You learn spells naturally, not from books.
Your magical power is your life essence.
You have superior vitality. (+4 MHP)


Message History

You kill the kobold!
The hail pelts the kobold!
You kill the kobold!
The kobold brigand closely misses you.
You closely miss the kobold brigand.
The kobold brigand is severely wounded.
Something hits you. Something shocks you.
* * * LOW HITPOINT WARNING * * *
Your kobold zombie hits the kobold brigand but does no damage.
The kobold brigand hits you with a +0 dagger.
* * * LOW HITPOINT WARNING * * *
The kobold brigand hits your kobold zombie with a +0 dagger.
Your kobold zombie closely misses the kobold brigand.
You feel your willpower return. Something hits your kobold zombie.
Your kobold zombie is destroyed!
Casting: Hailstorm (dangerous; 5% risk of failure)
Confirm with . or Enter, or press ? or * to list all spells.
Aiming: Kiss of Death (safe; 1% risk of failure)
Press: ? - help, Shift-Dir - straight line, f - kobold brigand
Aim: a kobold brigand, wielding a +0 dagger and quivering poisoned darts (severely wounded, 100% to hit)
The negative energy hits the kobold brigand!!
The kobold brigand is drained!
You kill the kobold brigand!
You feel drained. Something hits you.
* * * LOW HITPOINT WARNING * * *
Something shocks you.
* * * LOW HITPOINT WARNING * * *
It was a potion of cancellation.
You feel magically purged. Something hits you.
* * * LOW HITPOINT WARNING * * *
Something shocks you.
* * * LOW HITPOINT WARNING * * *
It was a potion of invisibility.
You fade into invisibility!
Something hits you but does no damage.
It was a potion of magic.
Magic washes over you without effect. Something hits you.
You die...
Your body becomes fuel for the black torch.

**##....###.######*,*
##........######*,*
*###....##########*,*
#...............##*,*
#.#.............###.* *
*,#..#..............# * ***
*,#.............#####*** *,*
#.#..##.........#,,,,,,,
*,*******#..<...@..).....#,****,,
*,,,,,,,,.###............#,****,,
*********,**########)#####,**,,,,
* *,,,,,,,* #)))# *,**,*,, *
*,**,**,* #...#***,,,,,,, ****
*,**,,*,* #....,,,,**,,,, ,,,*
*,,,,,,,*****#...##**,**,*,, **,*
*,,**,,,**,,,.....,,,,*,,,,, *,*
*,,,,,,,,,,,,.....,,,,,,,,,*


There were no monsters in sight!

Vanquished Creatures
  A black bear (D:6)
  Blork the orc (D:5)
  A bullfrog (D:5)
  3 kobold brigands
  A scorpion (D:5)
  2 orc priests (D:5)
  4 bombardier beetles
  Ijyb (D:5)
  2 iguanas (D:4)
  An orc wizard (D:5)
  4 adders
  A white imp (D:5)
  2 ufetubi (D:5)
  3 dart slugs
  A ribbon worm (D:2)
  9 orcs
  9 ball pythons
  6 bats
  7 endoplasms
  A giant cockroach (D:1)
  8 goblins
  12 hobgoblins
  7 jackals
  4 quokkas
  3 frilled lizards (D:2)
  21 kobolds
  6 rats
  A butterfly (D:4)
122 creatures vanquished.

Vanquished Creatures (others)
  A kobold zombie (D:6)
1 creature vanquished.

Grand Total: 123 creatures vanquished

Notes
Turn   | Place    | Note
-------+----------+-------------------------------------------
     0 | D:1      | cforsyth the Djinni Reaver began the quest for the Orb.
     0 | D:1      | cforsyth set off with the following spells memorised: Kiss
                  | of Death, Momentum Strike, Hailstorm.
     0 | D:1      | Reached XP level 1. HP: 18/18 MP: 0/0
    99 | D:1      | Reached XP level 2. HP: 10/23 MP: 0/0
   545 | D:1      | Found Hotaotry's Antique Weapon Boutique.
   557 | D:1      | Reached XP level 3. HP: 27/29 MP: 0/0
   557 | D:1      | Learned a level 1 spell: Summon Small Mammal
  1248 | D:2      | Reached skill level 3 in Fighting
  1352 | D:1      | Reached XP level 4. HP: 11/35 MP: 0/0
  1678 | D:2      | Found a faded altar of an unknown god.
  2496 | D:2      | Reached XP level 5. HP: 40/40 MP: 0/0
  2496 | D:2      | Learned a level 2 spell: Searing Ray
  3064 | D:3      | Found an ornate altar of the Wu Jian Council.
  3105 | D:3      | Found a runed translucent gate.
  3105 | D:3      | Found a runed translucent gate.
  3105 | D:3      | Found a runed translucent gate.
  3105 | D:3      | Noticed Azoth's ghost (amateur DEHu)
  3774 | D:3      | Reached skill level 4 in Fighting
  4314 | D:4      | Found a shimmering altar of Xom.
  4383 | D:4      | Found a sparkling altar of Nemelex Xobeh.
  4410 | D:4      | Reached XP level 6. HP: 35/43 MP: 0/0
  4629 | D:4      | Found the +7 Throatcutter {drain, coup de grace}
  4645 | D:4      | Reached skill level 5 in Fighting
  5024 | D:5      | Entered Level 5 of the Dungeon
  5040 | D:5      | Reached XP level 7. HP: 52/54 MP: 0/0
  5040 | D:5      | Learned a level 3 spell: Summon Ice Beast
  5101 | D:5      | Noticed Blork the orc
  5108 | D:5      | Killed Blork the orc
  5299 | D:5      | Noticed Ijyb
  5306 | D:5      | Killed Ijyb
  5307 | D:5      | Reached skill level 5 in Spellcasting
  5307 | D:5      | Reached skill level 5 in Conjurations
  5307 | D:5      | Reached skill level 5 in Hexes
  5307 | D:5      | Reached skill level 5 in Summonings
  5307 | D:5      | Reached skill level 5 in Necromancy
  5307 | D:5      | Reached skill level 5 in Translocations
  5307 | D:5      | Reached skill level 5 in Fire Magic
  5307 | D:5      | Reached skill level 5 in Ice Magic
  5307 | D:5      | Reached skill level 5 in Air Magic
  5307 | D:5      | Reached skill level 5 in Earth Magic
  5307 | D:5      | Reached skill level 5 in Alchemy
  5332 | D:5      | Reached skill level 6 in Fighting
  5349 | D:5      | Found a staircase to the Ecumenical Temple.
  5358 | D:5      | Reached XP level 8. HP: 44/61 MP: 0/0
  5362 | Temple   | Entered the Ecumenical Temple
  5372 | Temple   | Became a worshipper of Yredelemnul the Dark
  5763 | D:5      | Reached * piety under Yredelemnul
  5839 | D:6      | HP: 1/57 [something (5)]
  5841 | D:6      | Slain by a sky beast

Illustrated notes

Levels and vault maps discovered:
D:1:      heliophobic_arrival_ceremonial_halls, layout_basic, serial_shops,
          shop, minmay_heptomino_d4
D:2:      minmay_chambers_of_twos, layout_basic,
          ebering_ecumenical_altar_abandoned, lexackson_kobold_supper
D:3:      layout_loops_corners, old_standard_altar, gammafunk_ghost_necromancy
D:4:      layout_cave_pools, xom_butterflies, nemelex_xobeh_ov_fountains_minmay,
          dilly_guarded_unrand_throatcut
D:5:      wander_river, layout_loops_ring, minmay_temple_entry_sparse_star,
          uniq_blork_the_orc, uniq_ijyb
D:6:      layout_loops_cross, lightli_sewer_entry_pipes, roderic_three_in_a_row,
          corner_web_ring, nicolae_water_bricks, nicolae_zen_rock_garden
Temple:   nicolae_temple_ecumenical_triangle

Skill      XL: |  1  2  3  4  5  6  7 |
---------------+----------------------+-----
Spellcasting   | 3 4 5 |  5.7
Conjurations   | 3 4 5 |  5.7
Hexes          | 3 4 5 |  5.7
Summonings     | 3 4 5 |  5.7
Necromancy     | 3 4 5 |  5.7
Translocations | 3 4 5 |  5.7
Fire Magic     | 3 4 5 |  5.7
Ice Magic      | 3 4 5 |  5.7
Air Magic      | 3 4 5 |  5.7
Earth Magic    | 3 4 5 |  5.7
Alchemy        | 3 4 5 |  5.7
Fighting       | 3 4 5 6 |  6.8
Short Blades   | |  2.6
Dodging        | |  2.1

Action                     |  1- 3 |  4- 6 |  7- 9 || total
---------------------------+-------+-------+-------++-------
  Melee: Short sword       |   152 |   315 |    28 ||   495
         Punch             |     1 |    11 |     2 ||    14
         Long sword        |       |     1 |    32 ||    33
   Cast: Searing Ray       |       |     5 |       ||     5
         Kiss of Death     |       |     2 |     1 ||     3
         Hailstorm         |       |     5 |     3 ||     8
    Use: Scroll            |       |     2 |     3 ||     5
         Potion            |       |       |     3 ||     3
   Stab: Sleeping          |     1 |       |       ||     1
 Armour: Leather armour    |    74 |   153 |    60 ||   287
  Dodge: Dodged            |    90 |   149 |    35 ||   274

Table legend: (Time is in decaauts)
 A = Elapsed time spent in this place.
 B = Non-inter-level travel time spent in this place.
 C = Inter-level travel time spent in this place.
 D = Time resting spent in this place.
 E = Time spent auto-exploring this place.
 F = Levels seen in this place.
 G = Mean time per level.
                   A        B        C        D        E       F      G
               +--------+--------+--------+--------+--------+-----+--------+
         Total |   5791 |   5557 |    234 |    435 |   4124 |   7 |  827.3 |
       Dungeon |   5776 |   5547 |    229 |    435 |   4124 |   6 |  962.7 |
        Temple |     15 |     10 |      5 |      0 |      0 |   1 |   15.0 |
               +--------+--------+--------+--------+--------+-----+--------+

Top non-repeatable levels by time:
     D:2: 1513 daAuts
     D:1: 1433 daAuts
     D:3: 1207 daAuts
     D:4: 813 daAuts
     D:5: 760 daAuts
     D:6: 47 daAuts
  Temple: 15 daAuts
